 Dungeon Crawl Stone Soup version 0.25-a0-835-gb37b1c2 (webtiles) character file.

Game seed: 6073364529364065778, levelgen mode: deterministic

63 Faca the Skirmisher (level 3, -1/30 HPs)
             Began as a Demonspawn Abyssal Knight on Apr 24, 2020.
             Was a Believer of Lugonu.
             Slain by Sigmund
             ... wielding a +0 scythe
              (7 damage)
             ... on level 2 of the Dungeon.
             The game lasted 00:02:17 (1448 turns).

Faca the Skirmisher (Demonspawn Abyssal Knight)     Turns: 1448, Time: 00:02:17

Health: -1/30      AC:  6    Str: 13    XL:     3   Next: 89%
Magic:  4/4        EV:  9    Int: 13    God:    Lugonu [**....]
Gold:   117        SH:  0    Dex: 12    Spells: 2/2 levels left

rFire    . . .     SeeInvis .   a - +1 falchion
rCold    . . .     Gourm    .   (no shield)
rNeg     . . .     Faith    .   f - +0 scale mail (curse)
rPois    .         Spirit   .   (no helmet)
rElec    .         Reflect  .   (no cloak)
rCorr    .         Harm     .   (no gloves)
MR       .....                  (no boots)
Stlth    ..........             (no amulet)
HPRegen  0.10/turn              (no ring)
MPRegen  0.09/turn              (no ring)

@: mighty
A: spiny 1
a: Depart the Abyss, Bend Space, Renounce Religion


You were on level 2 of the Dungeon.
You worshipped Lugonu.
Lugonu was pleased with you.
You were hungry.

You visited 1 branch of the dungeon, and saw 2 of its levels.
You visited the Abyss 1 time.

You collected 117 gold pieces.

Inventory:

Hand Weapons
 a - a +1 falchion (weapon)
Armour
 f - a cursed +0 scale mail (worn)
Scrolls
 g - a scroll of magic mapping {unknown}
 h - 2 scrolls of fog {unknown}
Potions
 e - 2 potions of curing
Comestibles
 c - 2 rations


   Skills:
 + Level 4.0 Fighting
 + Level 3.0 Long Blades
 - Level 1.7 Armour
 - Level 0.8 Dodging
 - Level 2.4 Invocations


You had 2 spell levels left.
You didn't know any spells.
Your spell library was empty.

Dungeon Overview and Level Annotations

Branches:
Dungeon (2/15)

Altars:

Annotations:
D:2 Sigmund


Innate Abilities, Weirdness & Mutations

You are partially covered in sharp spines.


Message History

Sigmund is struck by your spines. Sigmund closely misses you.
You riposte.
You hit Sigmund.
Sigmund is severely wounded.
You closely miss Sigmund.
Sigmund is severely wounded.
Sigmund closely misses you.
You riposte.
You slash Sigmund!
Sigmund is almost dead.
You barely miss Sigmund.
Sigmund is almost dead.
Sigmund casts a spell.
Sigmund flickers and vanishes!
Deactivating autopickup; reactivate with Ctrl-A.
You closely miss something.
You hear some strange, mumbled words.
A magic dart appears from out of thin air!
The magic dart hits you.
You hit something but do no damage. Something hits you.
* * * LOW HITPOINT WARNING * * *
You barely miss something. Something hits you!
You die...

##.# #.##.#
##.# #.##.#
#.#
########....#
#.#
#........#..#
#.#
#.########..#
#.##### #..#
#.....# #..#
#####.# #..#
#@# #..# #{#
#..# ... #..#
..#.. ##. .##
## ##


There were no monsters in sight!

Vanquished Creatures
  An adder (D:2)
  An ooze (D:1)
  A worm (D:2)
  2 dart slugs (D:1)
  A leopard gecko (D:1)
  2 giant cockroaches
  3 goblins
  7 hobgoblins
  4 kobolds
  A quokka (D:2)
  6 bats
  12 rats
41 creatures vanquished.

Notes
Turn   | Place    | Note
-------+----------+-------------------------------------------
     0 | Abyss:1  | Faca the Demonspawn Abyssal Knight began the quest for the
                  | Orb.
     0 | Abyss:1  | Reached XP level 1. HP: 18/18 MP: 2/2
    18 | D:1      | Escaped the Abyss
   140 | D:1      | Gained mutation: You are partially covered in sharp spines.
                  | [demonic ancestry]
   140 | D:1      | Reached XP level 2. HP: 24/24 MP: 3/3
   902 | D:1      | Reached XP level 3. HP: 29/29 MP: 4/4
  1075 | D:2      | Reached ** piety under Lugonu
  1241 | D:2      | Reached skill level 4 in Fighting
  1435 | D:2      | Noticed Sigmund
  1448 | D:2      | Slain by Sigmund

Levels and vault maps discovered:
D:1:      psy_arrival_radial01, layout_loops_ring, minmay_rat_gold_closets
D:2:      layout_loops_ring, uniq_sigmund

Skill      XL: |  1  2  3 |
---------------+----------+-----
Long Blades    | 2 3 |  3.0
Fighting       | 4 |  4.0
Armour         | |  1.7
Dodging        | |  0.8
Invocations    | |  2.4

Action                   || total
-------------------------++-------
Melee: Falchion          ||    90
  Use: Scroll            ||     2
       Potion            ||     1
 Stab: Sleeping          ||     1
  Eat: Chunk             ||     1
Armor: Leather armour    ||    16
       Scale mail        ||     4
Dodge: Dodged            ||    44
       Rpst.: Falchion   ||    13

Table legend:
 A = Non-vault XP
 B = Vault XP
 C = Vault XP percentage of total XP
 D = Non-vault monster count
 E = Vault monster count
 F = Vault count percentage of total count
                 A         B        C        D         E       F
            +---------+---------+-------+---------+---------+-------
      Total |      83 |       8 |   8.8 |      33 |       8 |  19.5
            +---------+---------+-------+---------+---------+-------
        D:1 |      40 |       8 |  16.7 |      17 |       8 |  32.0
        D:2 |      43 |       0 |   0.0 |      16 |       0 |   0.0
            +---------+---------+-------+---------+---------+-------
